AoeStats
← Johsebass

Arabia

510370313Analyzed
2v2 RM · 1d ago on Sep 30, 2026· 35m 4s· 4 players
Game mode
Random Map
Map size
Medium (4 player)
Population
200
Speed
Normal
Resources
Standard
Victory
Conquest
Starting age
Dark Age
Ending age
Imperial Age
RankedLock teamsTeams togetherTeam positionsShared explorationLock speedFull tech treeHidden civsTurbo modeCheats
Victory
Defeat
🇦🇹 Tupi · Austria
1022
+12
🇦🇹 Japanese · Austria
899
+24
🇳🇴 Saracens · Norway
928
-15
🇳🇴 Danes · Norway
926
-14
osmevoll
4:58 Loom
12:04 Feudal Age
18:48 Fletching
19:00 Double-Bit Axe
22:19 Wheelbarrow
24:51 Castle Age
25:24 Crossbowman
26:34 Thumb Ring
27:03 Bodkin Arrow
31:00 Ballistics
Johsebass
10:55 Feudal Age
11:34 Double-Bit Axe
13:33 Forging
12:46 Man-at-Arms
13:13 Arson
15:24 Scale Mail Armor
16:42 Wheelbarrow
19:28 Loom
19:43 Fletching
23:05 Castle Age
21:16 Padded Archer Armor
22:18 Horse Collar
23:42 Long Swordsman
24:08 Gambesons
24:24 Squires
26:32 Iron Casting
26:07 Thumb Ring
Dennis
6:55 Loom
10:58 Feudal Age
11:01 Man-at-Arms
18:35 Castle Age
17:46 Padded Archer Armor
18:41 Elite Skirmisher
19:36 Fletching
21:31 Double-Bit Axe
30:09 Bodkin Arrow
31:40 Leather Archer Armor
32:14 Bloodlines
wohja182
8:00 Loom
10:29 Feudal Age
18:09 Castle Age
19:47 Fletching
21:57 Bodkin Arrow
24:12 Padded Archer Armor
24:01 Double-Bit Axe
28:32 Ballistics
28:32 Horse Collar
32:37 Bow Saw
Connection lost

Rejoining the realm…

Still unreachable

The connection could not be restored.

Session expired

The server has moved on; the page needs a fresh start.